AoeStats
← C4$TL3 a0e

Arabia

510898271Analyzed
1v1 RM · 20h ago on Oct 3, 2026· 50m 25s· 2 players
Game mode
Random Map
Map size
Tiny (2 player)
Population
200
Speed
Normal
Resources
Standard
Victory
Conquest
Starting age
Dark Age
Ending age
Imperial Age
RankedLock teamsTeams togetherTeam positionsShared explorationLock speedFull tech treeHidden civsTurbo modeCheats
Victory
Defeat
🇦🇷 Saracens · Argentina
1067
+15
🇨🇳 Bengalis · China
1053
-15
铁大炮
8:17 Loom
12:26 Feudal Age
18:00 Castle Age
16:17 Double-Bit Axe
17:16 Gold Mining
20:44 Bow Saw
28:30 Gold Shaft Mining
28:25 Fletching
28:36 Padded Archer Armor
29:48 Stone Mining
30:49 Bodkin Arrow
31:25 Bloodlines
31:26 Horse Collar
32:56 Wheelbarrow
32:57 Town Watch
33:16 Heavy Plow
37:41 Hand Cart
38:07 Leather Archer Armor
37:58 Scale Barding Armor
39:49 Ballistics
40:11 Pikeman
42:49 Town Patrol
45:32 Imperial Age
43:35 Scale Mail Armor
45:13 Paiks
45:37 Elite Elephant Archer
48:05 Chemistry
48:15 Squires
C4$TL3 a0e
6:29 Loom
9:49 Feudal Age
10:47 Double-Bit Axe
16:02 Wheelbarrow
15:54 Horse Collar
16:56 Gold Mining
21:12 Castle Age
21:05 Stone Mining
21:26 Bloodlines
22:49 Scale Barding Armor
22:54 Forging
23:46 Husbandry
27:19 Heavy Plow
28:28 Chain Barding Armor
29:39 Iron Casting
30:38 Hand Cart
32:38 Bow Saw
37:52 Imperial Age
37:10 Town Watch
38:47 Gold Shaft Mining
37:58 Elite Mameluke
38:59 Conscription
39:19 Town Patrol
40:34 Two-Man Saw
40:50 Plate Barding Armor
41:15 Blast Furnace
45:41 Devotion
47:26 Faith
Connection lost

Rejoining the realm…

Still unreachable

The connection could not be restored.

Session expired

The server has moved on; the page needs a fresh start.